 Dungeon Crawl Stone Soup version 0.25.1-2-g60ff931df9 (webtiles) character file.

Game seed: 17863209306151251625

13406 hawla the Destroyer (level 11, 0/80 HPs)
             Began as a Green Draconian Conjurer on Nov 17, 2020.
             Was an Elder of Vehumet.
             Slain by Urug
             ... wielding a +0 great sword of freezing
              (5 damage)
             ... on level 12 of the Dungeon on Nov 18, 2020.
             The game lasted 01:05:41 (19885 turns).

hawla the Destroyer (Green Draconian Conjurer)     Turns: 19885, Time: 01:05:42

Health: 0/80       AC:  8    Str: 10    XL:     11   Next: 75%
Magic:  13/24      EV: 13    Int: 18    God:    Vehumet [****..]
Gold:   585        SH:  0    Dex: 11    Spells: 1/28 levels left

rFire    + . .     SeeInvis .   k - +1 quarterstaff (drain)
rCold    . . .     Gourm    .   (shield currently unavailable)
rNeg     + . .     Faith    .   (armour unavailable)
rPois    +         Spirit   .   (helmet restricted)
rElec    .         Reflect  .   (no cloak)
rCorr    .         Harm     .   (no gloves)
MR       .....                  j - +0 pair of boots
Stlth    ++........             B - amulet of regeneration
HPRegen  0.63/turn              o - ring of positive energy
MPRegen  0.19/turn              t - ring of protection from fire

@: slowed, very slow
A: breathe noxious fumes, unfitting armour, horns 1, blurry vision 1, clumsy 1,
poison resistance, cold-blooded, subdued magic 1, AC +7
a: Breathe Noxious Fumes, Renounce Religion


You were on level 12 of the Dungeon.
You worshipped Vehumet.
Vehumet was greatly pleased with you.
You were not hungry.

You visited 2 branches of the dungeon, and saw 13 of its levels.
You also visited: Sewer.

You collected 641 gold pieces.
You spent 56 gold pieces at shops.

Inventory:

Hand Weapons
 k - a +1 quarterstaff of draining (weapon)
 E - a +3 scimitar of flaming
 G - a +0 quarterstaff
Missiles
 e - 80 poisoned darts (quivered)
 l - 6 curare-tipped darts
 n - 6 boomerangs
 s - a throwing net
Armour
 j - a +0 pair of boots (worn)
Jewellery
 o - a ring of positive energy (left hand)
 t - a ring of protection from fire (right hand)
 y - an uncursed ring of fire
 A - an uncursed amulet of the acrobat
 B - an amulet of regeneration (around neck)
Wands
 g - a wand of acid (1)
 u - a wand of clouds (5)
 v - a wand of enslavement (6)
Scrolls
 d - 3 scrolls of teleportation
 p - 2 scrolls of enchant armour
 q - a scroll of magic mapping
 r - 2 scrolls of remove curse
 w - a scroll of fog
 x - a scroll of identify
 z - a scroll of amnesia
 C - a scroll of enchant weapon {unknown}
 D - a scroll of holy word {unknown}
Potions
 a - 4 potions of flight
 c - a potion of brilliance
 f - 2 potions of curing
 h - 3 potions of stabbing
 i - 2 potions of berserk rage
 m - a potion of might
Comestibles
 b - 10 rations


   Skills:
 - Level 2.4 Fighting
 - Level 1.0 Staves
 - Level 2.6 Throwing
 - Level 3.5 Dodging
 - Level 3.3 Stealth
 - Level 9.1 Spellcasting
 - Level 10.6 Conjurations
 + Level 3.0 Necromancy
 - Level 7.8 Translocations
 - Level 2.6 Transmutations
 - Level 2.9 Fire Magic
 - Level 0.5 Ice Magic
 - Level 5.1 Air Magic
 + Level 2.9 Earth Magic
 - Level 2.4 Poison Magic
 - Level 0.6 Evocations


You had one spell level left.
You knew the following spells:

 Your Spells              Type           Power        Failure   Level  Hunger
a - Shock                 Conj/Air       ####         1%          1    None
b - Searing Ray           Conj           #####.       1%          2    None
c - Iskenderun's Mystic   Conj/Tloc      ####....     1%          4    ###....
d - Foxfire               Conj/Fire      ####         1%          1    None
e - Ignite Poison         Fire/Tmut/Pois ##......     1%          3    None
f - Stone Arrow           Conj/Erth      ####..       1%          3    None
g - Frozen Ramparts       Ice            #.....       5%          3    None
h - Lightning Bolt        Conj/Air       ####......   2%          5    #####..
i - Borgnjor's Vile Clut  Necr/Erth      ##........   52%         5    #####..

Your spell library contained the following spells:

 Spells                   Type           Power        Failure   Level  Hunger
 Magic Dart               Conj           ####         1%          1    None
 Sandblast                Erth           ##....       1%          1    None
 Dazzling Flash           Conj/Hex       ###...       1%          3    None
 Fulminant Prism          Conj/Hex       ###.......   2%          4    ###....
 Passwall                 Tmut/Erth      ##......     3%          2    None
 Ensorcelled Hibernation  Hex/Ice        #.....       10%         2    None
 Lee's Rapid Deconstruct  Erth           ##........   16%         5    #####..
 Petrify                  Tmut/Erth      ##......     24%         4    ###....
 Silence                  Hex/Air        ##........   58%         5    #####..
 Darkness                 Hex            #.........   100%        6    ######.
 Shadow Creatures         Summ           N/A          100%        6    ######.


Dungeon Overview and Level Annotations

Branches:
Dungeon (12/15)            Temple (1/1) D:4            Lair (0/6) D:9
    Orc (0/2) D:9           Sewer (visited)

Altars:
Ashenzari
Cheibriados
Dithmenos
Elyvilon
Fedhas
Gozag
Hepliaklqana
Kikubaaqudgha
Makhleb
Nemelex Xobeh
Okawaru
Qazlal
Ru
Sif Muna
Trog
Uskayaw
Vehumet
Wu Jian
Xom
Yredelemnul
Zin
The Shining One

Shops:
D:7 %   D:11 (

Annotations:
D:4 1 runed translucent door, Snicker's ghost, amateur HuFi
D:12 Urug


Innate Abilities, Weirdness & Mutations

You can breathe blasts of noxious fumes.
Your lurid green scales are hard. (AC +7)
You cannot fit into any form of body armour.
Your system is resistant to poisons. (rPois)
You are cold-blooded and may be slowed by cold attacks.
You have a pair of small horns on your head.
Scrolls take you a little longer to read.
You are clumsy. (Dex -2)
Your spells are a little easier to cast, but a little less powerful.


Message History

You finish channeling your searing ray.
Urug hits you with a +0 great sword of freezing!
* * * LOW HITPOINT WARNING * * *
You feel as though you will be slow longer.
Urug freezes you.
* * * LOW HITPOINT WARNING * * *
It was a potion of mutation.
You feel extremely strange.
You feel clumsy.
Your vision blurs.
Your connection to magic feels subdued.
A pair of horns grows on your head!
Urug hits you with a +0 great sword of freezing!
* * * LOW HITPOINT WARNING * * *
Urug freezes you.
* * * LOW HITPOINT WARNING * * *
You feel better.
Urug stares with her one eyeball.
Urug hits you with a +0 great sword of freezing!
* * * LOW HITPOINT WARNING * * *
You feel as though you will be slow longer.
Urug freezes you.
You die...

#######.....#
#########....##....##
...#..............>.#
...#................#
...#...............)#
...#......o.........#
.# #...##....##....##
.###...###'####....##
(#)...........#.@...#
.'(o..........#.o...#
.#............#.....#
.#............#.....#
####+####....##.....#
###..# ###+####+####
.....# ..(..# .....+


You could see Urug.

Vanquished Creatures
  Erica (D:11)
  2 two-headed ogres
  A manticore (D:8)
  2 gargoyles
  3 trolls
  2 hornets (D:8)
  6 hippogriffs
  Sigmund (D:2)
  A basilisk (D:11)
  9 yaks
  A wyvern (D:11)
  2 hungry ghosts
  A steam dragon (D:7)
  Edmund (D:5)
  2 soldier ants
  2 ice beasts
  2 sky beasts
  7 orc warriors
  3 phantoms
  A black bear (D:11)
  2 ogres
  A crocodile (D:7)
  3 centaurs
  6 big kobolds
  6 bullfrogs
  3 scorpions
  18 killer bees
  5 wights
  A howler monkey (D:11)
  2 centaur zombies
  4 crimson imps
  A bullfrog zombie (D:8)
  2 jellies
  5 hounds
  2 bullfrog skeletons
  6 orc priests
  12 orc wizards
  An iguana (D:7)
  Natasha (thrice) (D:2 D:1)
  8 worker ants
  A hound zombie (D:11)
  2 hound skeletons
  3 worker ant zombies
  Robin (D:2)
  15 adders
  6 gnolls (D:6)
  A river rat (Sewer)
  3 shadow imps
  2 oozes
  4 worms
  3 leopard geckos
  39 orcs
  10 bats
  5 giant cockroaches
  15 goblins
  10 hobgoblins
  7 jackals
  3 quokkas
  6 ball pythons
  4 frilled lizards
  33 kobolds
  2 leopard gecko zombies
  10 rats
  A spectral orc (D:3)
327 creatures vanquished.

Vanquished Creatures (others)
  A big kobold (D:9)
  55 foxfires
56 creatures vanquished.

Grand Total: 383 creatures vanquished

Notes
Turn   | Place    | Note
-------+----------+-------------------------------------------
     0 | D:1      | hawla the Draconian Conjurer began the quest for the Orb.
     0 | D:1      | Reached XP level 1. HP: 14/14 MP: 3/3
   360 | D:1      | Reached XP level 2. HP: 20/20 MP: 3/5
   364 | D:1      | Learned a level 2 spell: Searing Ray
  1162 | D:2      | Reached XP level 3. HP: 23/26 MP: 0/7
  1315 | D:2      | Noticed Natasha
  1333 | D:2      | Killed Natasha
  1579 | D:2      | Noticed Natasha
  1583 | D:2      | Killed Natasha
  1583 | D:2      | Reached skill level 5 in Conjurations
  1583 | D:2      | Reached XP level 4. HP: 33/33 MP: 4/8
  1589 | D:2      | Learned a level 4 spell: Iskenderun's Mystic Blast
  1689 | D:2      | Noticed Natasha
  1693 | D:2      | Noticed Sigmund
  1814 | D:1      | Killed Natasha
  1814 | D:1      | Reached skill level 1 in Translocations
  2071 | D:2      | Killed Sigmund
  2071 | D:2      | Reached XP level 5. HP: 4/38 MP: 4/9
  2071 | D:2      | Reached XP level 6. HP: 4/45 MP: 4/10
  2084 | D:2      | Noticed Robin
  2344 | D:2      | Killed Robin
  3045 | D:3      | Found a basalt altar of Yredelemnul.
  4093 | D:3      | Found an ornate altar of the Wu Jian Council.
  4322 | D:4      | Reached skill level 6 in Conjurations
  4323 | D:4      | Noticed Snicker's ghost (amateur HuFi)
  4362 | D:3      | Your scales start taking on a lurid green colour.
  4362 | D:3      | Reached XP level 7. HP: 36/50 MP: 2/12
  4362 | D:3      | Gained mutation: Your system is resistant to poisons.
                  | (rPois) [Green Draconian growth]
  4701 | D:4      | Found a runed translucent door.
  4704 | D:4      | Found a staircase to the Ecumenical Temple.
  4771 | Temple   | Entered the Ecumenical Temple
  5007 | Temple   | Became a worshipper of Vehumet
  5168 | D:4      | Reached skill level 5 in Translocations
  5337 | D:4      | Found a sparkling altar of Nemelex Xobeh.
  5627 | D:5      | Entered Level 5 of the Dungeon
  6174 | D:5      | Found a glowing drain.
  6183 | Sewer    | Entered a sewer
  6345 | Sewer    | Reached * piety under Vehumet
  6345 | Sewer    | Offered knowledge of Shock by Vehumet.
  6350 | Sewer    | Learned a level 1 spell: Shock
  6555 | Sewer    | Reached XP level 8. HP: 36/57 MP: 0/14
  6821 | Sewer    | Reached skill level 7 in Conjurations
  7017 | D:5      | Noticed Edmund
  7028 | D:5      | Killed Edmund
  7752 | D:5      | Found a shattered altar of Ashenzari.
  7894 | D:6      | Reached skill level 5 in Spellcasting
  7894 | D:6      | Reached skill level 1 in Air Magic
  8565 | D:6      | Offered knowledge of Foxfire by Vehumet.
  8691 | D:6      | Learned a level 1 spell: Foxfire
  8967 | D:5      | Reached ** piety under Vehumet
  9166 | D:6      | Reached XP level 9. HP: 62/62 MP: 3/17
  9441 | D:6      | Found a burning altar of Makhleb.
  9502 | D:6      | Reached skill level 8 in Conjurations
  9674 | D:7      | Found Ceepeid's Food Boutique.
  9708 | D:7      | Found a hazy altar of Hepliaklqana.
 10086 | D:7      | Found a bloodstained altar of Trog.
 10086 | D:7      | Found an ancient bone altar of Kikubaaqudgha.
 10087 | D:7      | Found a snail-covered altar of Cheibriados.
 11133 | D:7      | Found a hide-covered altar of Uskayaw.
 11311 | D:8      | Noticed a manticore
 11315 | D:8      | Reached skill level 1 in Fire Magic
 11329 | D:8      | Killed a manticore
 11329 | D:8      | Reached skill level 1 in Fighting
 11607 | D:8      | Reached skill level 9 in Conjurations
 11614 | D:8      | Reached XP level 10. HP: 33/72 MP: 2/20
 12214 | D:8      | Noticed a two-headed ogre
 12227 | D:8      | Killed a two-headed ogre
 12785 | D:8      | Found an ornate altar of the Wu Jian Council.
 12936 | D:7      | Offered knowledge of Ignite Poison by Vehumet.
 13057 | D:7      | Learned a level 3 spell: Ignite Poison
 13061 | D:7      | Learned a level 3 spell: Stone Arrow
 13549 | D:8      | Reached skill level 1 in Transmutations
 13550 | D:8      | Reached skill level 1 in Poison Magic
 13791 | D:8      | Found a shadowy altar of Dithmenos.
 13956 | D:9      | Reached *** piety under Vehumet
 14406 | D:9      | Found a staircase to the Lair.
 14432 | D:9      | Found a glowing golden altar of the Shining One.
 14620 | D:9      | Found an opulent altar of Gozag.
 14757 | D:9      | Found a staircase to the Orcish Mines.
 15011 | D:9      | Reached skill level 1 in Throwing
 15435 | D:10     | Entered Level 10 of the Dungeon
 15455 | D:10     | Noticed a gargoyle
 15595 | D:10     | Killed a gargoyle
 15879 | D:10     | Reached XP level 11. HP: 79/79 MP: 13/23
 16030 | D:10     | Reached skill level 10 in Conjurations
 16055 | D:10     | Offered knowledge of Frozen Ramparts by Vehumet.
 16060 | D:10     | Learned a level 3 spell: Frozen Ramparts
 16448 | D:10     | Reached skill level 1 in Staves
 17536 | D:11     | Noticed a two-headed ogre
 17545 | D:11     | Killed a two-headed ogre
 17910 | D:11     | Found Cerixkin's Weapon Shop.
 18466 | D:11     | Reached **** piety under Vehumet
 18466 | D:11     | Reached skill level 5 in Air Magic
 18776 | D:11     | Offered knowledge of Lightning Bolt by Vehumet.
 18782 | D:11     | Reached skill level 1 in Earth Magic
 18872 | D:11     | Learned a level 5 spell: Lightning Bolt
 18878 | D:11     | Learned a level 5 spell: Borgnjor's Vile Clutch
 18902 | D:11     | Noticed Erica
 18913 | D:11     | Killed Erica
 19320 | D:11     | Bought a +0 quarterstaff for 56 gold pieces
 19459 | D:12     | Noticed Urug
 19631 | D:12     | Identified the amulet of Toash {Reflect +Inv rElec Int+3
                  | SH+5}
 19884 | D:12     | Gained mutation: You are clumsy. (Dex -2) [potion of
                  | mutation]
 19884 | D:12     | Gained mutation: Scrolls take you a little longer to read.
                  | [potion of mutation]
 19884 | D:12     | Gained mutation: Your spells are a little easier to cast,
                  | but a little less powerful. [potion of mutation]
 19884 | D:12     | Gained mutation: You have a pair of small horns on your
                  | head. [potion of mutation]
 19885 | D:12     | Slain by Urug

Illustrated notes

Levels and vault maps discovered:
D:1:      eino_arrival_water_star, layout_basic, minmay_indecisive_spiral
D:2:      layout_rooms, first_ration, uniq_robin, uniq_sigmund, uniq_natasha
D:3:      layout_basic, marbit_many_paths, yredelemnul_forgotten_temple_becter,
          st_stairs_5
D:4:      layout_gridville, nemelex_xobeh_ov_fountains_minmay,
          minmay_temple_entry_purple_smoke, hellmonk_ghost_happy_afterlife
D:5:      layout_layer_cave, lemuel_coloured_pillars_altar,
          portal_sewer_entry_d, uniq_edmund
D:6:      cheibrodos_thug_alley, layout_loops_ring, lemuel_doored_altar
D:7:      layout_basic, lemuel_crystal_altar, kennysheep_mini_moat,
          nicolae_overflow_hidden_temple, serial_shops,
          nicolae_shop_behind_doors
D:8:      layout_gridville, lemuel_crystal_altar, basic_altar,
          hangedman_pestilent_swarm
D:9:      layout_basic, nicolae_gozag_seed_capital, overflow_temple_1_default,
          dpeg_oklobed_lair, orc_0_dummy, chequers_arboretum,
          corexii_leaking_fountain
D:10:     layout_loops_ring
D:11:     layout_stronghold, serial_shops, kennysheep_mini, serial_glass,
          glass_columns_a, glass_columns_a, uniq_erica
D:12:     layout_gridville, hex_medium, uniq_urug
Temple:   compressed_dpeg_triangle_lava_temple

Skill      XL: |  1  2  3  4  5  6  7  8  9 10 11 |
---------------+----------------------------------+-----
Spellcasting   | 3 4 5 6 8 9 |  9.1
Conjurations   | 5 6 7 9 10 | 10.6
Translocations | 4 5 6 7 |  7.8
Air Magic      | 3 4 5 |  5.1
Dodging        | 2 3 |  3.5
Stealth        | 3 |  3.3
Fire Magic     | 1 2 |  2.9
Fighting       | 1 2 |  2.4
Transmutations | 2 |  2.6
Poison Magic   | 2 |  2.4
Throwing       | 1 2 |  2.6
Staves         | 1 |  1.0
Earth Magic    | 2 |  2.9
Necromancy     | 3 |  3.0
Ice Magic      | |  0.5
Evocations     | |  0.6

Action                   |  1- 3 |  4- 6 |  7- 9 | 10-12 || total
-------------------------+-------+-------+-------+-------++-------
Melee: Whip              |    16 |     6 |       |       ||    22
       Tailslap          |     1 |       |     6 |     2 ||     9
       Quarterstaff      |       |     7 |    62 |    29 ||    98
Throw: Boomerang         |       |     2 |     3 |       ||     5
       Dart              |       |       |       |    44 ||    44
 Cast: Magic Dart        |    39 |    23 |       |       ||    62
       Searing Ray       |    12 |    36 |    64 |    66 ||   178
       Iskenderun's Myst |       |     6 |    31 |    71 ||   108
       Shock             |       |       |   114 |   106 ||   220
       Foxfire           |       |       |    21 |    13 ||    34
       Stone Arrow       |       |       |       |    31 ||    31
       Ignite Poison     |       |       |       |     8 ||     8
       Frozen Ramparts   |       |       |       |     8 ||     8
       Borgnjor's Vile C |       |       |       |     1 ||     1
Evoke: Wand              |       |       |     1 |     2 ||     3
  Use: Potion            |       |     5 |     2 |     9 ||    16
       Scroll            |       |     7 |     6 |     8 ||    21
  Eat: Chunk             |     3 |    11 |    18 |    11 ||    43
       Ration            |       |       |     3 |     8 ||    11
Armor: Skin              |    10 |    17 |    82 |    61 ||   170
Dodge: Dodged            |    12 |    44 |   128 |   186 ||   370
